 Dungeon Crawl Stone Soup version 0.28-a0-556-gab23d0e057 (webtiles) character file.

Game seed: 8445369486941919829

1 meatgazer the Skirmisher (level 1, 0/18 HPs)
             Began as a Demonspawn Abyssal Knight on Sept 28, 2021.
             Was a Follower of Lugonu.
             Slain by a quasit (1 damage)
             ... on level 3 of the Abyss.
             The game lasted 00:00:31 (119 turns).

meatgazer the Skirmisher (Demonspawn Abyssal Knight) Turns: 119, Time: 00:00:31

Health: 0/18       AC:  3    Str: 13      XL:     1   Next: 16%
Magic:  2/2        EV: 11    Int: 11      God:    Lugonu [*.....]
Gold:   2          SH:  0    Dex: 11 (13) Spells: 0/0 levels left

rFire   . . .      SeeInvis .   a - +1 falchion
rCold   . . .      Faith    .   (no shield)
rNeg    . . .      Spirit   .   b - +0 leather armour
rPois   .          Reflect  .   (no helmet)
rElec   .          Harm     .   (no cloak)
rCorr   .          Rampage  .   (no gloves)
Will    .....                   (no boots)
Stlth   +.........              (no amulet)
HPRegen 0.06/turn               (no ring)
MPRegen 0.08/turn               (no ring)

@: no status effects
A: no striking features
a: Renounce Religion, Depart the Abyss


You were on level 3 of the Abyss.
You worshipped Lugonu.
Lugonu was aware of your devotion.
You visited 0 branches of the dungeon, and saw 0 of its levels.
You visited the Abyss 1 time.

You collected 2 gold pieces.

Inventory:

Hand Weapons
 a - a +1 falchion (weapon)
Armour
 b - a +0 leather armour (worn)


   Skills:
 + Level 3.0 Fighting
 + Level 1.7 Long Blades
 + Level 1.9 Armour
 + Level 0.8 Dodging
 + Level 2.4 Invocations


You couldn't memorise any spells.
You didn't know any spells.
Your spell library contained the following spells:

 Spells                   Type           Power      Damage    Failure   Level
 Passwall                 Tmut/Erth      0%         N/A       56%         2
 Swiftness                Air            0%         N/A       80%         3
 Invisibility             Hex            0%         N/A       100%        6


Dungeon Overview and Level Annotations

Branches:
Dungeon (0/15)

Altars:


Message History

A slime creature comes into view.
The slime creature quivers.
A quasit opens the door.
The quasit gives a chilling moan.
You hit the slime creature.
The slime creature is lightly wounded.
You hear a distant slurping noise.
The slime creature misses you.
You hit the slime creature.
The slime creature is lightly wounded.
The slime creature hits you but does no damage.
You barely miss the slime creature.
The slime creature is lightly wounded.
The quasit barely misses you.
The quasit claws you but does no damage.
The quasit closely misses you. The slime creature hits you.
You hear a distant slurping noise.
The quasit misses you. The quasit claws you.
You feel clumsy. The quasit claws you. The slime creature barely misses you.
You hit the quasit.
The quasit is heavily wounded.
You hear a slurping noise.
The jelly eats the door!
A jelly comes into view.
The quasit bites you. The quasit barely misses you.
The quasit closely misses you. The slime creature closely misses you.
You hear a slurping noise.
The jelly eats the door!
You aren't carrying any scrolls.
Okay, then.
The jelly quivers.
You slash the quasit!
The quasit is almost dead.
The quasit bites you. The quasit claws you.
You feel clumsy. The quasit claws you. The slime creature hits you.
* * * LOW HITPOINT WARNING * * *
The quasit bites you.
You die...

#... . # .. ##
..#. # ##.# # ..
....# #. .## .#
#+#+##...## . #.
.'.+..##.# ..# .
## #+#'# .#.# #.#
. +.'.' #.# . .
..#
#+#J#+#.##.##..#.
. .
+...J@'.###.##
...#.# #.#+#5###
#.. . # + '.'.# .
... # #'#'### #
.. ... . '.+.+ .
### '# #+# #.##
#. # # #


You could see a slime creature, a jelly and a quasit.

Vanquished Creatures
  An endoplasm (Abyss:3)
1 creature vanquished.

Notes
Turn   | Place    | Note
-------+----------+-------------------------------------------
     0 | Abyss:1  | meatgazer the Demonspawn Abyssal Knight began the quest for
                  | the Orb.
     0 | Abyss:1  | Reached XP level 1. HP: 18/18 MP: 2/2
    56 | Abyss:3  | Noticed a lich
    61 | Abyss:3  | Noticed a small abomination
   114 | Abyss:3  | Noticed a slime creature
   115 | Abyss:3  | Noticed a quasit
   118 | Abyss:3  | Noticed a jelly
   119 | Abyss:3  | Slain by a quasit

Illustrated notes

Levels and vault maps discovered:
Abyss:3:  base: Temple, evilmike_abyss_exit_15, evilmike_abyss_exit_16

Action                   || total
-------------------------++-------
Melee: Falchion          ||     7
 Stab: Sleeping          ||     1
Armor: Leather armour    ||     2
Dodge: Dodged            ||     9

Table legend: (Time is in decaauts)
 A = Elapsed time spent in this place.
 B = Non-inter-level travel time spent in this place.
 C = Inter-level travel time spent in this place.
 D = Time resting spent in this place.
 E = Time spent auto-exploring this place.
 F = Levels seen in this place.
 G = Mean time per level.
                   A        B        C        D        E       F      G
               +--------+--------+--------+--------+--------+-----+--------+
         Total |    119 |    119 |      0 |      0 |     79 |   3 |   39.7 |
         Abyss |    119 |    119 |      0 |      0 |     79 |   3 |   39.7 |
               +--------+--------+--------+--------+--------+-----+--------+

Top non-repeatable levels by time:
 Abyss:3: 69 daAuts
 Abyss:1: 40 daAuts
 Abyss:2: 10 daAuts
